 Dungeon Crawl Stone Soup version 0.29-a0-772-ga24da20 (webtiles) character file.

Game seed: 7379525021599057469

20835 Illumine the Spear-Bearer (level 12, 0/110 HPs)
             Began as a Minotaur Delver on July 1, 2022.
             Was a High Priest of Okawaru.
             Slain by a blink frog (8 damage)
             ... on level 2 of the Lair of Beasts.
             The game lasted 00:30:44 (16786 turns).

Illumine the Spear-Bearer (Minotaur Delver)        Turns: 16786, Time: 00:30:45

Health: 0/110      AC: 16    Str: 21    XL:     12   Next: 48%
Magic:  16/17      EV: 13    Int: 10    God:    Okawaru [*****.]
Gold:   725        SH:  5    Dex: 13    Spells: 11/11 levels left

rFire   . . .      SeeInvis .   a - +3 trident
rCold   . . .      Faith    .   G - +0 buckler
rNeg    + . .      Spirit   .   x - +0 chain mail
rPois   .          Reflect  .   K - +2 hat {Int+3}
rElec   .          Harm     .   A - +0 cloak
rCorr   .          Rampage  .   v - +0 pair of gloves
Will    .....                   (no boots)
Stlth   ..........              (no amulet)
HPRegen 0.28/turn               y - ring of positive energy
MPRegen 0.15/turn               t - +4 ring of evasion

@: no status effects
A: horns 2, retaliatory headbutt
a: Renounce Religion, Heroism, Finesse, Duel


You were on level 2 of the Lair of Beasts.
You worshipped Okawaru.
Okawaru was extremely pleased with you.
You visited 3 branches of the dungeon, and saw 13 of its levels.
You also visited: Bailey.

You collected 725 gold pieces.

Inventory:

Hand Weapons
 a - a +3 trident (weapon)
 b - a +1 sling of flaming
 E - a +3 scythe of flaming
 I - a +0 vorpal glaive
Missiles
 h - 26 poisoned darts (quivered)
 C - 7 boomerangs
Armour
 v - a +0 pair of gloves (worn)
 x - a +0 chain mail (worn)
 A - a +0 cloak (worn)
 G - a +0 buckler (worn)
 K - a +2 hat of intelligence (worn)
Jewellery
 d - a +6 ring of dexterity
 n - an amulet of the acrobat
 s - a ring of resist corrosion
 t - a +4 ring of evasion (right hand)
 y - a ring of positive energy (left hand)
Wands
 g - a wand of digging (14)
 H - a wand of quicksilver (11)
 R - a wand of mindburst (8)
Scrolls
 c - 2 scrolls of fog
 e - 4 scrolls of fear
 f - 4 scrolls of teleportation
 m - a scroll of amnesia {unknown}
 p - 2 scrolls of vulnerability
 r - 2 scrolls of torment
 w - 3 scrolls of immolation
 J - a scroll of brand weapon {unknown}
 L - a scroll of silence {unknown}
 M - a scroll of acquirement {unknown}
 N - a scroll of poison {unknown}
 O - a scroll of magic mapping
 P - a scroll of blinking {unknown}
 Q - a scroll of identify
Potions
 i - 2 potions of ambrosia
 j - 7 potions of curing
 k - 3 potions of attraction
 l - 2 potions of heal wounds
 o - 2 potions of resistance
 q - a potion of cancellation {unknown}
 u - 2 potions of lignification
 z - 3 potions of magic
 B - 3 potions of might
 D - 2 potions of mutation
 F - 2 potions of flight {unknown}


   Skills:
 + Level 11.5 Fighting
 - Level 14.0 Polearms
 + Level 5.0 Ranged Weapons
 - Level 2.1 Throwing
 + Level 10.7 Armour
 - Level 4.0 Dodging
 - Level 4.1 Stealth
 - Level 5.0 Shields
 + Level 8.0 Invocations
 + Level 4.2 Evocations


You had 11 spell levels left.
You didn't know any spells.
Your spell library contained the following spells:

 Spells                   Type           Power      Damage    Failure   Level
 Shock                    Conj/Air       0%         1d3       97%         1
 Slow                     Hex            0%         N/A       97%         1
 Ensorcelled Hibernation  Hex/Ice        0%         N/A       99%         2
 Passwall                 Tmut/Erth      0%         N/A       99%         2
 Confusing Touch          Hex            0%         N/A       100%        3
 Ignite Poison            Fire/Tmut/Pois 0%         N/A       100%        3
 Inner Flame              Hex/Fire       0%         N/A       100%        3
 Mephitic Cloud           Conj/Pois/Air  0%         N/A       100%        3
 Swiftness                Air            0%         N/A       100%        3
 Vampiric Draining        Necr           0%         2d6       100%        3
 Airstrike                Air            0%         0-1+      100%        4
 Cause Fear               Hex            0%         N/A       100%        4
 Fireball                 Conj/Fire      0%         3d3       100%        5
 Freezing Cloud           Conj/Ice/Air   0%         6-21      100%        5
 Iskenderun's Battlesphe  Conj           0%         2d6       100%        5
 Conjure Ball Lightning   Conj/Air       0%         3x3d6     100%        6
 Orb of Destruction       Conj           0%         9d5       100%        7
 Discord                  Hex            0%         N/A       100%        8


Dungeon Overview and Level Annotations

Branches:
Dungeon (9/15)             Temple (1/1) D:5            Lair (3/6) D:9
 Bailey (visited)
  Swamp: Lair:2-4    Shoals: Lair:2-4     Snake: Lair:2-4    Spider: Lair:2-4
    Orc: D:9-12

Altars:
Ashenzari
Cheibriados
Dithmenos
Fedhas
Nemelex Xobeh
Okawaru
Qazlal
Sif Muna
Uskayaw
Xom
Yredelemnul
The Shining One

Shops:
D:2 [   D:5 *

Annotations:
D:9 1 runed translucent door


Innate Abilities, Weirdness & Mutations

You have a pair of horns on your head.
You reflexively headbutt those who attack you in melee.


Message History

You reach to attack!
You puncture the blink frog!
The blink frog is moderately wounded.
Unknown command.
You hit the blink frog.
The blink frog is moderately wounded.
The blink frog hits you but does no damage.
You closely miss the blink frog. Your headbutt misses the blink frog.
The blink frog is moderately wounded.
The blink frog hits you.
* * * LOW HITPOINT WARNING * * *
The blink frog blinks!
There is a stone staircase leading up here.
You closely miss the blink frog.
The blink frog is moderately wounded.
The blink frog hits you!
* * * LOW HITPOINT WARNING * * *
You impale the blink frog!! Your headbutt misses the blink frog.
The blink frog is almost dead.
You puncture the blink frog!
You kill the blink frog!
Okawaru accepts your kill.
Your Invocations skill increases to level 8!
You climb upwards.
The blink frog blinks!
The blink frog hits you but does no damage.
There is a stone staircase leading down here.
You puncture the blink frog! Your headbutt misses the blink frog.
The blink frog is moderately wounded.
The blink frog misses you.
You hit the blink frog. Your headbutt misses the blink frog.
The blink frog is moderately wounded.
The blink frog hits you but does no damage.
You puncture the blink frog!
The blink frog is heavily wounded.
The blink frog hits you!
* * * LOW HITPOINT WARNING * * *
The blink frog blinks!
You hit the blink frog.
The blink frog is severely wounded.
The blink frog hits you!
You die...

. .......#..##................
.####............................
.................................
...............>..>..............
..............♣...†♣.............
#..........#.....................
..####.....♣♣.......♣.(.###.P#...
[†..##.........P†§......###....#.
....##.........F@........P......+
....#...<......P.P.............##
.....#........♣.....♣......... #.
....##.....#♣.......♣...+..... #P
....#......#.♣♣...♣♣....##..#. ##
#.##................#...# P.# #..
###.#......#P.####........ .. ...
.............P.(. ........ ....
##.#.##.P###P..##.###.#P#. ####


You could see a blink frog.

Vanquished Creatures
  2 vault guards (Bailey)
  A two-headed ogre (D:8)
  A cyclops (D:8)
  A manticore (D:9)
  4 black mambas (Lair:1)
  Maggie (D:7)
  2 cane toads (Lair:2)
  A rime drake (Lair:2)
  3 komodo dragons (Lair:2)
  A tyrant leech (Lair:2)
  A troll (D:9)
  3 polar bears (Lair:2)
  Grinder (D:3)
  A slime creature (D:8)
  14 blink frogs
  Prince Ribbit (Bailey)
  Sigmund (D:2)
  A spriggan (Lair:2)
  A shadow (D:8)
  2 humans (Bailey)
  18 yaks
  A steam dragon (D:6)
  Menkaure (D:4)
  4 water moccasins
  A swamp worm (Lair:2)
  Duvessa (D:4)
  3 orc warriors
  4 ice beasts
  3 black bears
  A sky beast (D:7)
  4 centaurs
  3 ogres
  7 wolves (Lair:2)
  A phantom (D:4)
  15 bullfrogs
  2 kobold brigands
  4 necrophages
  A gnoll sergeant (D:7)
  29 wights
  Dowan (D:4)
  5 killer bees (D:9)
  2 electric eels (D:7)
  5 jellies
  8 hounds
  5 orc priests
  A bouda (D:8)
  8 iguanas
  7 orc wizards
  Robin (D:2)
  8 adders
  10 gnolls
  A shadow imp (D:7)
  A white imp (D:7)
  An ufetubus (D:7)
  3 worms
  A dart slug (D:2)
  32 orcs
  5 ball pythons
  5 endoplasms
  3 giant cockroaches
  14 goblins
  5 hobgoblins
  4 jackals (D:2)
  6 quokkas
  2 bats
  5 frilled lizards
  7 kobolds
  4 rats
306 creatures vanquished.

Vanquished Creatures (others)
  17 fungi
  49 plants
66 creatures vanquished.

Grand Total: 372 creatures vanquished

Notes
Turn   | Place    | Note
-------+----------+-------------------------------------------
     0 | D:5      | Illumine the Minotaur Delver began the quest for the Orb.
     0 | D:5      | Reached XP level 1. HP: 19/19 MP: 0/0
    34 | D:4      | Noticed Menkaure
    78 | D:5      | Noticed an ogre
   112 | D:5      | Noticed a jelly
   190 | D:5      | Noticed an ice beast
   470 | D:3      | Reached skill level 3 in Polearms
   522 | D:2      | Reached XP level 2. HP: 24/27 MP: 1/1
   828 | D:2      | Reached skill level 4 in Polearms
   828 | D:2      | Reached XP level 3. HP: 30/33 MP: 2/2
  1453 | D:2      | Reached skill level 5 in Polearms
  1468 | D:2      | Reached XP level 4. HP: 32/40 MP: 3/3
  1586 | D:2      | Noticed Sigmund
  1663 | D:2      | Noticed Robin
  1725 | D:2      | Killed Robin
  2120 | D:3      | Reached XP level 5. HP: 36/46 MP: 4/4
  2444 | D:2      | Reached skill level 1 in Armour
  2647 | D:2      | Reached skill level 1 in Throwing
  2647 | D:2      | Reached skill level 1 in Evocations
  2684 | D:3      | Reached skill level 6 in Polearms
  2825 | D:3      | Noticed Grinder
  2867 | D:4      | Reached XP level 6. HP: 50/52 MP: 5/5
  2985 | D:4      | Noticed Duvessa
  3026 | D:4      | Killed Duvessa
  3180 | D:4      | Noticed Dowan
  3190 | D:4      | Killed Dowan
  3703 | D:5      | Reached XP level 7. HP: 59/60 MP: 6/6
  4427 | D:4      | Killed Menkaure
  4428 | D:4      | Reached skill level 7 in Polearms
  4644 | D:4      | Reached skill level 5 in Fighting
  4941 | D:4      | Reached XP level 8. HP: 27/69 MP: 7/7
  5141 | D:5      | Reached skill level 8 in Polearms
  5358 | D:5      | Reached skill level 9 in Polearms
  5521 | D:5      | Found a staircase to the Ecumenical Temple.
  5530 | Temple   | Entered the Ecumenical Temple
  5551 | Temple   | Became a worshipper of Warmaster Okawaru
  5756 | D:5      | Found Leoriorch's Fire Supplies.
  6105 | D:6      | Reached skill level 5 in Armour
  6105 | D:6      | Reached skill level 1 in Invocations
  6222 | D:2      | Found Sighiruo's Armour Shop.
  6379 | D:2      | Killed Sigmund
  6581 | D:3      | Paralysed by Grinder for 2 turns
  6587 | D:3      | Killed Grinder
  6587 | D:3      | Reached * piety under Okawaru
  6588 | D:3      | Reached skill level 10 in Polearms
  6588 | D:3      | Reached XP level 9. HP: 67/79 MP: 9/9
  7080 | D:6      | Found a blossoming altar of Fedhas.
  7091 | D:6      | Found a shimmering altar of Xom.
  7626 | D:6      | Reached ** piety under Okawaru
  8091 | D:6      | Found a glowing golden altar of the Shining One.
  8479 | D:7      | Reached skill level 11 in Polearms
  9108 | D:7      | Noticed Maggie
  9118 | D:7      | Killed Maggie
  9119 | D:7      | Reached skill level 1 in Shields
  9119 | D:7      | Reached XP level 10. HP: 27/88 MP: 8/11
  9396 | D:7      | Noticed a +0 hand axe
  9676 | D:7      | Reached *** piety under Okawaru
  9809 | D:7      | Found a hide-covered altar of Uskayaw.
  9809 | D:7      | Noticed a +0 dagger
 10166 | D:7      | Found a snail-covered altar of Cheibriados.
 10410 | D:8      | Reached skill level 12 in Polearms
 10703 | D:8      | Noticed a cyclops
 10883 | D:8      | Reached **** piety under Okawaru
 10971 | D:8      | Reached skill level 5 in Shields
 11102 | D:8      | Killed a cyclops
 11103 | D:8      | Reached skill level 5 in Invocations
 11127 | D:8      | Noticed a boulder beetle
 11567 | D:8      | Noticed a two-headed ogre
 11580 | D:8      | Killed a two-headed ogre
 11580 | D:8      | Reached ***** piety under Okawaru
 11581 | D:8      | Reached skill level 13 in Polearms
 11581 | D:8      | Reached XP level 11. HP: 42/97 MP: 12/14
 12152 | D:9      | Found a flagged portal.
 12171 | Bailey   | Entered a bailey
 12608 | Bailey   | Noticed Prince Ribbit
 12609 | Bailey   | Noticed a vault guard
 12613 | Bailey   | Killed Prince Ribbit
 12629 | Bailey   | Killed a vault guard
 12662 | Bailey   | Noticed a vault guard
 12682 | Bailey   | Killed a vault guard
 12682 | Bailey   | Received a gift from Okawaru
 12875 | D:9      | Found a runed translucent door.
 12876 | D:9      | Noticed a deep elf pyromancer
 12883 | D:9      | Reached skill level 10 in Fighting
 13085 | D:9      | Reached skill level 14 in Polearms
 13324 | D:9      | Found a staircase to the Lair.
 13775 | D:9      | Reached skill level 1 in Ranged Weapons
 13961 | Lair:1   | Entered Level 1 of the Lair of Beasts
 15153 | Lair:1   | Reached skill level 10 in Armour
 15160 | Lair:1   | Reached XP level 12. HP: 99/108 MP: 16/16
 15265 | Lair:1   | Noticed an eight-headed hydra
 16543 | Lair:2   | Noticed a five-headed hydra
 16569 | Lair:2   | Identified the +2 animal skin "Gushiro" {Harm rElec}
                  | (Okawaru gifted it to you on level 2 of the Lair of Beasts)
 16569 | Lair:2   | Received a gift from Okawaru
 16742 | Lair:2   | Reached skill level 5 in Ranged Weapons
 16786 | Lair:2   | Slain by a blink frog

Illustrated notes

Levels and vault maps discovered:
D:1:      wander_arrival_desolate, layout_basic
D:2:      layout_rooms, serial_shops, nicolae_lakefront_shop,
          kennysheep_generic_room_9, uniq_robin, uniq_sigmund
D:3:      layout_loops_cross, cheibrodos_gnoll_hut, uniq_grinder
D:4:      minmay_evil_eye, layout_basic, uniq_menkaure, uniq_duvessa
D:5:      nicolae_cairo_tiling_very_big, layout_loops_ring,
          minmay_temple_entry_gardened_gates, nicolae_shop_fire_sale
          [nicolae_sub_dead_trees], nicolae_titane
D:6:      layout_basic, nicolae_tso_swordbearing_angel,
          amethyst_overflow_temple_binary
D:7:      minmay_general_purpose_star, layout_rooms,
          mainiacjoe_overflow_chevrons, dancing_weapons_uskayaw, serial_bayou,
          serial_bayou_crossing, serial_bayou_lagoon_b, serial_bayou_pond_e,
          serial_bayou_pond_a, minmay_puff, uniq_maggie
D:8:      layout_loops_ring, nicolae_concentric_dashed_squares_wild,
          minmay_diamond_spiral
D:9:      layout_cave_pods, grunt_lair_entry_orc_guard_hut, enter_bailey_7,
          minivault_13
Temple:   eino_temple_water
Lair:1:   layout_chaotic_city
Lair:2:   layout_regular_city, palyth_hydra_swamp_entry,
          cheibrodos_lair_caveside_slide, grunt_forest_stairs_clearing
Lair:3:   layout_hall_layers, infiniplex_staircase_pool_2

Skill      XL: |  1  2  3  4  5  6  7  8  9 10 11 12 |
---------------+-------------------------------------+-----
Polearms       | 3 4 5 6 7 10 11 13 14 | 14.0
Fighting       | 4 5 7 8 9 10 11 | 11.5
Armour         | 1 2 3 5 7 8 10 | 10.7
Dodging        | 3 4 |  4.0
Throwing       | 1 2 |  2.1
Evocations     | 1 2 4 |  4.2
Invocations    | 2 3 5 7 8 |  8.0
Shields        | 1 5 |  5.0
Ranged Weapons | 3 5 |  5.0
Stealth        | |  4.1

Action                   |  1- 3 |  4- 6 |  7- 9 | 10-12 || total
-------------------------+-------+-------+-------+-------++-------
Melee: Spear             |    86 |   120 |       |       ||   206
       Headbutt          |     7 |    22 |    49 |   146 ||   224
       Punch             |       |     1 |     1 |       ||     2
       Halberd           |       |    46 |    88 |       ||   134
       Trident           |       |       |   191 |   775 ||   966
 Fire: Sling             |       |       |     2 |     2 ||     4
Throw: Dart              |     2 |       |       |       ||     2
Invok: Heroism           |       |       |     1 |     6 ||     7
       Finesse           |       |       |       |     2 ||     2
Evoke: Wand              |       |       |     1 |       ||     1
  Use: Scroll            |     1 |       |     5 |     8 ||    14
       Potion            |       |       |     2 |     1 ||     3
 Stab: Sleeping          |     6 |     3 |     1 |       ||    10
       Distracted        |     1 |     1 |       |     4 ||     6
Armor: Leather armour    |     9 |    19 |       |       ||    28
       Scale mail        |       |     1 |    78 |    11 ||    90
       Chain mail        |       |       |       |   145 ||   145
Dodge: Dodged            |    34 |    65 |    96 |   300 ||   495
Block: Buckler           |       |       |       |   103 ||   103

Table legend: (Time is in decaauts)
 A = Elapsed time spent in this place.
 B = Non-inter-level travel time spent in this place.
 C = Inter-level travel time spent in this place.
 D = Time resting spent in this place.
 E = Time spent auto-exploring this place.
 F = Levels seen in this place.
 G = Mean time per level.
                   A        B        C        D        E       F      G
               +--------+--------+--------+--------+--------+-----+--------+
         Total |  16495 |  15899 |    596 |   5344 |   6829 |  14 | 1178.2 |
       Dungeon |  13265 |  12685 |    580 |   3843 |   5812 |   9 | 1473.9 |
        Temple |     38 |     22 |     16 |      0 |      1 |   1 |   38.0 |
          Lair |   2692 |   2692 |      0 |   1223 |    979 |   3 |  897.3 |
        Bailey |    498 |    498 |      0 |    278 |     36 |   1 |  498.0 |
               +--------+--------+--------+--------+--------+-----+--------+

Top non-repeatable levels by time:
     D:7: 1952 daAuts
     D:5: 1762 daAuts
     D:3: 1660 daAuts
     D:4: 1614 daAuts
     D:8: 1575 daAuts
     D:9: 1516 daAuts
  Lair:2: 1409 daAuts
  Lair:1: 1248 daAuts
     D:6: 1245 daAuts
     D:2: 1207 daAuts
     D:1: 729 daAuts
  Bailey: 498 daAuts
  Temple: 38 daAuts
  Lair:3: 34 daAuts
